 Dungeon Crawl Stone Soup version 0.31-a0-175-g9f7f995f2b (webtiles) character file.

Game seed: 14857660656939024478

105 qw the Shooter (level 4, 0/28 HPs)
             Began as a Gargoyle Hunter on June 16, 2023.
             Slain by an orc
             ... wielding a +0 whip
              (3 damage)
             ... on level 3 of the Dungeon.
             The game lasted 00:00:39 (1883 turns).

qw the Shooter (Gargoyle Hunter)                    Turns: 1883, Time: 00:00:40

Health: 0/28       AC:  8    Str: 14    XL:     4   Next: 83%
Magic:  4/4        EV: 11    Int: 10    God:
Gold:   127        SH:  0    Dex: 21    Spells: 3/3 levels left

rFire   . . .        Y - +5 shortbow
rCold   . . .        (shield currently unavailable)
rNeg    + . .        a - +0 ring mail
rPois   inf          (no helmet)
rElec   +            (no cloak)
rCorr   .            (no gloves)
SInv    .            (no boots)
Will    .....        (no amulet)
Stlth   +            g - +6 ring of dexterity
HPRegen 0.24/turn    (no ring)
MPRegen 0.09/turn

%: no passive effects
@: no status effects
A: sickness immunity, AC +3, negative energy resistance 1, electricity
resistance, torment resistance 1, petrification resistance
a: no special abilities


You were on level 3 of the Dungeon.
You visited 1 branch of the dungeon, and saw 3 of its levels.

You collected 127 gold pieces.


Innate Abilities, Weirdness & Mutations

You are immune to sickness and miasma.
Your stone body is resilient. (AC +3)
You are immune to poison.
You resist negative energy. (rN+)
You are resistant to electric shocks. (rElec)
You are resistant to unholy torment.
You are immune to petrification.


   Skills:
 - Level 3.0 Fighting
 + Level 5.5 Ranged Weapons
 - Level 1.0 Armour
 - Level 1.5 Dodging
 - Level 1.1 Stealth


You had 3 spell levels left.
You didn't know any spells.
Your spell library was empty.

Inventory:

Hand Weapons
 Y - a +5 shortbow (weapon)
Armour
 a - a +0 ring mail (worn)
 c - the +4 ring mail of Saula {-Tele rElec rF++ rCorr}
   (You found it on level 2 of the Dungeon)

   rF:        It greatly protects you from fire.
   rElec:     It insulates you from electricity.
   -Tele:     It prevents most forms of teleportation.
   rCorr:     It protects you from acid and corrosion.
Jewellery
 g - a +6 ring of dexterity (left hand)
 j - a ring of wizardry
Scrolls
 b - a scroll of enchant armour {unknown}
 i - a scroll of immolation {unknown}
Potions
 d - a potion of magic {unknown}
 e - a potion of might {unknown}
 f - a potion of berserk rage {unknown}
 h - a potion of attraction {unknown}
 k - a potion of enlightenment {unknown}

Dungeon Overview and Level Annotations

Branches:
Dungeon (3/15)

Altars:

Shops:
D:2 [


Message History

The orc hits you with a +0 whip. The orc closely misses you.
Something hits you but does no damage. The orc closely misses you.
Something hits you but does no damage. The orc barely misses you.
The orc hits you but does no damage. The orc hits you with a +0 dagger.
Something hits you but does no damage. The orc hits you with a +0 whip.
Something hits you. The orc hits you but does no damage.
You feel less confused. The orc barely misses you. The orc closely misses you.
Something hits you.
You shoot an arrow. The arrow completely misses the orc.
The orc barely misses you.
You hear some strange, mumbled words.
A magic dart appears from out of thin air!
The magic dart hits you. The orc hits you but does no damage. x2
Something hits you but does no damage. The orc misses you.
You shoot an arrow. The arrow closely misses the orc.
The orc hits you with a +0 whip. Something hits you but does no damage.
The orc hits you but does no damage.
You shoot an arrow. The arrow barely misses the orc.
The orc closely misses you. Something hits you but does no damage.
The orc hits you with a +0 dagger.
You shoot an arrow. The arrow closely misses the orc.
The orc hits you with a +0 whip. The orc closely misses you.
Something hits you but does no damage.
You shoot an arrow. The arrow hits the orc.
You kill the orc!
An orc wizard appears from thin air!
Reactivating autopickup.
The orc barely misses you. The orc wizard closely misses you.
The orc wizard hits you but does no damage.
The orc closely misses you.
You shoot an arrow.
The arrow completely misses the orc wizard.
The orc barely misses you.
The orc wizard hits you but does no damage.
You shoot an arrow. The arrow hits the orc wizard!
The orc wizard is heavily wounded.
The orc hits you with a +0 whip.
You die...

#.# #.##
#..##
##...####...
#.......'...
##...####...
###..##
#.....#
#@o...#
#o)...#
#.%...#
#.....#
##.#### #.#
#.# #.# #.#


You could see an orc wizard and an orc.

Vanquished Creatures
  5 adders (D:2)
  A worm (D:3)
  4 dart slugs
  An orc (D:3)
  4 endoplasms
  A giant cockroach (D:2)
  3 goblins
  5 hobgoblins
  3 jackals (D:3)
  5 quokkas
  A ball python (D:2)
  6 bats
  A frilled lizard (D:3)
  7 rats
47 creatures vanquished.

Notes
Turn   | Place    | Note
-------+----------+-------------------------------------------
     0 | D:1      | qw the Gargoyle Hunter began the quest for the Orb.
     0 | D:1      | Reached XP level 1. HP: 12/12 MP: 1/1
     0 | D:1      | 0 ||| qw: Version: 0.2-a-29-g511e9b1
     0 | D:1      | 0 ||| qw: Game counter: 75
     0 | D:1      | 0 ||| qw: Always use a shield: true
     0 | D:1      | 0 ||| qw: God list: Okawaru
     0 | D:1      | 0 ||| qw: Allow faded altars: false
     0 | D:1      | 0 ||| qw: Do Orc after D:15 true
     0 | D:1      | 0 ||| qw: Do second Lair branch before Depths: true
     0 | D:1      | 0 ||| qw: Lair rune preference: random
     0 | D:1      | 0 ||| qw: Plans: Normal, Zot:1-4, Slime:5, God:TSO, Crypt,
                  | Tomb, Abyss, Pan, Hells, Win
     0 | D:1      | 0 ||| PLANNING D:1-11
    15 | D:1      | Found a faded altar of an unknown god.
   236 | D:1      | Reached XP level 2. HP: 17/17 MP: 2/2
   359 | D:1      | 359 ||| Stepping ~*~*~tactically~*~*~ (water).
   361 | D:1      | 361 ||| Stepping ~*~*~tactically~*~*~ (water).
   805 | D:1      | 805 ||| UPGRADING to +6 ring of dexterity.
   806 | D:1      | 806 ||| READING scroll labelled TEANYI COAPNI.
   807 | D:1      | 807 ||| READING scroll labelled NAXURGH EBBO.
   811 | D:1      | 811 ||| DROPPING scroll of butterflies.
   980 | D:2      | Reached XP level 3. HP: 21/21 MP: 3/3
   982 | D:2      | Reached skill level 5 in Ranged Weapons
  1068 | D:2      | Reached skill level 3 in Fighting
  1080 | D:2      | 1080 ||| READING scroll of enchant weapon.
  1080 | D:2      | 1080 ||| ENCHANTING +1 shortbow.
  1134 | D:2      | 1134 ||| UPGRADING to +0 ring mail.
  1144 | D:2      | 1144 ||| DROPPING +0 leather armour.
  1145 | D:2      | 1145 ||| READING scroll labelled RIOMIT VOIQUEMM.
  1181 | D:2      | Reached skill level 1 in Armour
  1181 | D:2      | Reached XP level 4. HP: 28/28 MP: 4/4
  1184 | D:2      | 1184 ||| STAIRDANCE
  1201 | D:2      | 1201 ||| STAIRDANCE
  1270 | D:2      | Found Imeisayt's Antique Armour Shop.
  1277 | D:2      | Identified the +4 ring mail of Saula {-Tele rElec rF++
                  | rCorr}
  1286 | D:2      | 1286 ||| SHOPLISTING dyed leather armour (120 gold, have
                  | 75).
  1286 | D:2      | 1286 ||| SHOPLISTING glowing hat (168 gold, have 75).
  1286 | D:2      | 1286 ||| SHOPLISTING pair of boots (108 gold, have 75).
  1286 | D:2      | 1286 ||| SHOPLISTING runed scarf (192 gold, have 75).
  1317 | D:2      | 1317 ||| READING scroll labelled AFAOTU NAGO.
  1378 | D:3      | 1378 ||| READING 3 scrolls of enchant weapon.
  1378 | D:3      | 1378 ||| ENCHANTING +2 shortbow.
  1379 | D:3      | 1379 ||| READING 2 scrolls of enchant weapon.
  1379 | D:3      | 1379 ||| ENCHANTING +3 shortbow.
  1380 | D:3      | 1380 ||| READING scroll of enchant weapon.
  1380 | D:3      | 1380 ||| ENCHANTING +4 shortbow.
  1851 | D:3      | 1851 ||| FLEEEEING.
  1853 | D:3      | 1853 ||| FLEEEEING.
  1854 | D:3      | 1854 ||| FLEEEEING.
  1855 | D:3      | 1855 ||| FLEEEEING.
  1856 | D:3      | 1856 ||| FLEEEEING.
  1857 | D:3      | 1857 ||| FLEEEEING.
  1858 | D:3      | 1858 ||| FLEEEEING.
  1878 | D:3      | HP: 5/28 [orc/+0 whip (5)]
  1880 | D:3      | HP: 2/28 [orc/+0 whip (2)]
  1883 | D:3      | Slain by an orc

Levels and vault maps discovered:
D:1:      minmay_arrival_shattered_statue, layout_basic, serial_bayou,
          serial_bayou_shore_a, serial_bayou_lake_a, serial_bayou_pond_d,
          serial_bayou_lagoon_b, ebering_ecumenical_altar_webs
D:2:      layout_basic, serial_shops, shop_fountains
D:3:      layout_loops_corners, zin_angel, mainiacjoe_overflow_alcove_2,
          st_stairs_3

Skill      XL: |  1  2  3 |
---------------+----------+-----
Ranged Weapons | 5 |  5.5
Fighting       | 3 |  3.0
Armour         | 1 |  1.0
Dodging        | |  1.5
Stealth        | |  1.1

Action                     |  1- 3 |  4- 6 || total
---------------------------+-------+-------++-------
   Fire: Shortbow          |    62 |    49 ||   111
    Use: Scroll            |     4 |     4 ||     8
 Armour: Leather armour    |    11 |       ||    11
         Ring mail         |       |    44 ||    44
  Dodge: Dodged            |    23 |    32 ||    55

Table legend:
 A = Non-vault XP
 B = Vault XP
 C = Vault XP percentage of total XP
 D = Non-vault monster count
 E = Vault monster count
 F = Vault count percentage of total count
                 A         B        C        D         E       F
            +---------+---------+-------+---------+---------+-------
      Total |     145 |       6 |   4.0 |      44 |       3 |   6.4
            +---------+---------+-------+---------+---------+-------
        D:1 |      26 |       0 |   0.0 |      15 |       0 |   0.0
        D:2 |      93 |       0 |   0.0 |      18 |       0 |   0.0
        D:3 |      26 |       6 |  18.8 |      11 |       3 |  21.4
            +---------+---------+-------+---------+---------+-------
